Map: Stasis LE

Players

Yocto - Winner!

  • Race: Zerg Zerg
  • Spawn Location: 11:00

dedboy

  • Race: Terran Terran
  • League: Platinum
  • Spawn Location: 1:00

VOD

Have the link to the VOD?

Description

Time

  • Played on: Dec. 11, 2018, 10:37 a.m.
  • Length: 11:50
Show
View Real Time Build Order
Export as new Build Order

Yocto Zerg - Winner!

Build Orders: Hatch First 

Get SALT Encoding   

  12  0:03  Drone  
  13  0:15  Overlord  
  13  0:23  Drone  
  14  0:35  Drone x2  
  16  0:48  Drone  
  17  1:07  Hatchery  
  16  1:13  Extractor  
  16  1:15  Drone  
  16  1:16  Drone  
  17  1:27  Drone  
  17  1:28  Spawning Pool  
  17  1:30  Drone  
  18  1:37  Drone  
  19  1:48  Overlord  
  19  2:16  Queen, Zergling x4  
  19  2:19  Queen  
  25  2:22  Metabolic Boost  
  25  2:42  Hatchery  
  24  2:45  Drone  
  24  2:49  Drone  
  26  2:53  Drone  
  27  3:06  Drone x3  
  27  3:07  Drone  
  31  3:15  Overlord  
  31  3:17  Drone  
  32  3:27  Queen  
  34  3:34  Zergling x2  
  34  3:35  Zergling x4  
  37  3:42  Queen  
  37  3:50  Zergling x6  
  40  4:03  Drone x4  
  40  4:04  Drone x2  
  46  4:12  Overlord  
  46  4:14  Drone x2  
  48  4:29  Queen  
  50  4:34  Extractor  
  50  4:35  Extractor  
  50  4:36  Overlord x2  
  48  4:38  Drone  
  48  4:39  Drone x2  
  48  4:41  Drone  
  52  4:48  Baneling Nest  
  50  5:03  Drone x7  
  50  5:04  Drone x3  
  60  5:19  Lair  
  60  5:31  Evolution Chamber  
  60  5:34  Drone x2  
  61  5:36  Drone  
  61  5:40  Zergling x16  
  61  5:41  Zergling x2  
  71  5:44  Extractor  
  69  6:16  Drone  
  69  6:17  Roach Warren  
  69  6:19  Drone  
  69  6:20  Drone x3  
  69  6:21  Overlord x2  
  69  6:22  Overlord x3  
  73  6:39  Zerg Ground Armor Level 1  
  73  6:40  Overlord x2  
  73  6:47  Drone x6  
  73  6:48  Drone x4  
  73  6:51  Extractor  
  73  6:53  Extractor  
  81  6:56  Drone x5  
  86  7:10  Spire  
  85  7:16  Drone  
  85  7:18  Drone x2  
  85  7:22  Drone  
  89  7:25  Roach x9  
  107  7:54  Hydralisk Den  
  107  7:57  Roach, Glial Reconstitution  
  107  7:58  Roach x4  
  116  7:59  Hatchery  
  116  8:01  Roach x5  
  116  8:02  Roach x2  
  116  8:03  Overlord  
  116  8:04  Overlord x3  
  129  8:15  Overlord x2  
  129  8:26  Mutalisk x5  
  129  8:27  Mutalisk x2  
  139  8:39  Extractor, Mutalisk x2  
  139  8:40  Mutalisk x2  
  146  9:28  Mutalisk x4  
  146  9:29  Mutalisk x7  
  164  10:10  Drone  
  164  10:11  Drone x6  
  164  10:12  Drone x5  
  174  10:32  Infestation Pit  
  174  10:33  Hydralisk x5  
  183  10:36  Overlord x5  
  183  11:09  Queen  
  185  11:18  Extractor  
  184  11:25  Evolution Chamber  
  183  11:27  Drone  
Show
View Real Time Build Order
Export as new Build Order

dedboy Terran 

Build Orders: Mech 

Get SALT Encoding   

  12  0:01  SCV  
  13  0:13  SCV  
  14  0:26  Supply Depot  
  14  0:27  SCV  
  15  0:37  Refinery  
  15  0:48  SCV  
  16  0:50  Barracks  
  16  1:00  SCV  
  16  1:01  Supply Depot  
  17  1:12  SCV  
  18  1:24  SCV  
  19  1:26  Supply Depot  
  19  1:36  SCV  
  20  1:47  Barracks Reactor  
  20  2:00  Command Center  
  20  2:07  Orbital Command  
  20  2:21  Factory  
  20  2:26  Refinery  
  20  2:28  Marine  
  21  2:30  Marine  
  21  2:36  SCV  
  23  2:48  SCV  
  24  3:00  SCV  
  25  3:12  Hellion  
  29  3:13  Hellion  
  29  3:18  Barracks Tech Lab  
  29  3:25  Factory, SCV  
  30  3:27  Factory  
  30  3:29  Orbital Command  
  30  3:37  SCV  
  31  3:55  Factory  
  31  3:57  Hellion  
  31  4:01  SCV  
  34  4:08  SCV  
  35  4:11  Factory Tech Lab x2  
  35  4:13  SCV  
  36  4:20  Starport  
  36  4:24  Supply Depot  
  36  4:26  Supply Depot  
  36  4:33  Hellion x2  
  40  4:46  SCV x2  
  40  4:49  Barracks Tech Lab  
  36  5:12  Hellion x2  
  38  5:15  Siege Tank  
  41  5:23  Siege Tank  
  41  5:24  Siege Tank  
  41  5:27  Starport Tech Lab  
  47  5:33  SCV x2  
  49  5:40  Hellion x2  
  53  5:44  Supply Depot  
  53  5:45  SCV x2  
  55  5:57  SCV x2  
  57  6:07  Supply Depot  
  57  6:25  Armory  
  57  6:28  Armory  
  57  6:30  SCV x2, Supply Depot  
  59  6:46  Liberator, Hellion x2  
  63  6:59  Siege Tank x2  
  69  7:07  Refinery  
  72  7:09  Refinery  
  72  7:10  Supply Depot  
  72  7:12  SCV x2  
  74  7:27  SCV  
  74  7:28  SCV  
  76  7:31  Terran Vehicle Weapons Level 1  
  76  7:42  Infernal Pre-Igniter  
  74  7:50  Supply Depot  
  74  8:04  SCV, Terran Vehicle And Ship Armor Level 1  
  74  8:05  Liberator, SCV  
  76  8:17  SCV x2  
  81  8:35  Command Center  
  81  8:38  Hellion x2  
  81  8:39  Command Center  
  85  8:48  Liberator  
  82  9:05  Engineering Bay  
  82  9:06  Thor x2  
  88  9:27  Hellion x2  
  78  9:48  Thor  
  82  10:07  Thor, Hellion x2  
  82  10:09  Orbital Command  
  88  10:19  Thor  
  91  10:33  Missile Turret  
  91  10:42  Missile Turret x2  
  91  10:47  Missile Turret  
  91  10:54  Siege Tank  
  91  10:56  Siege Tank  
Tags
 
Composition
Mech
League
Platinum
Matchup
TvZ
Replay Pack
Yocto
Spawn Locations
Close Positions
Add a new tag
Caveats
  • Supply blocks, unpowered buildings, or Contaminate may cause inaccurate times.
  • Supply counts are checked every 10 seconds.